 Dungeon Crawl Stone Soup version 0.30-a0-305-g026cb31310 (webtiles) character file.

Game seed: 3949065186711126649

2 rogsnak the Chiller (level 1, 0/15 HPs)
             Began as a Naga Ice Elementalist on Oct 23, 2022.
             Succumbed to a goblin's poison
             ... on level 1 of the Dungeon.
             The game lasted 00:00:21 (91 turns).

rogsnak the Chiller (Naga Ice Elementalist)           Turns: 91, Time: 00:00:22

Health: 0/15       AC:  1    Str: 10    XL:     1   Next: 40%
Magic:  0/3        EV:  9    Int: 15    God:
Gold:   9          SH:  0    Dex: 11    Spells: 3/4 levels left

rFire   . . .      SeeInvis +    c - +0 short sword
rCold   . . .      Faith    .    (no shield)
rNeg    . . .      Spirit   .    a - +0 robe
rPois   +          Reflect  .    (no helmet)
rElec   .          Harm     .    (no cloak)
rCorr   .          Rampage  .    (no gloves)
Will    .....                    (no barding)
Stlth   ++........               (no amulet)
HPRegen 0.22/turn                (no ring)
MPRegen 0.08/turn                (no ring)

@: lethally poisoned (0 -> -10), short of breath, very slow
A: AC +0, large, see invisible, deformed body, poison resistance, slowness 2,
spit poison 1, naga tail 1
a: Spit Poison


You were on level 1 of the Dungeon.
You visited 1 branch of the dungeon, and saw 1 of its levels.

You collected 9 gold pieces.

Inventory:

Hand Weapons
 c - a +0 short sword (weapon)
Armour
 a - a +0 robe (worn)
Potions
 b - a potion of magic


   Skills:
 + Level 1.5 Dodging
 + Level 3.0 Stealth
 + Level 2.1 Spellcasting
 + Level 4.0 Ice Magic


You had 3 spell levels left.
You knew the following spells:

 Your Spells              Type           Power      Damage    Failure   Level
a - Freeze                Ice            52%        1d6       4%          1

Your spell library contained the following spells:

 Spells                   Type           Power      Damage    Failure   Level
 Frozen Ramparts          Ice            26%        1d4       12%         3
 Ozocubu's Armour         Ice            13%        N/A       12%         3
 Summon Ice Beast         Ice/Summ       7%         N/A       67%         4


Dungeon Overview and Level Annotations

Branches:
Dungeon (1/15)

Altars:


Innate Abilities, Weirdness & Mutations

Your serpentine skin is tough. (AC +0)
You have supernaturally acute eyesight. (SInv)
Armour fits poorly on your strangely shaped body.
Your system is resistant to poisons. (rPois)
You cover ground very slowly.
You can spit poison.
You have a snake-like lower body.


Message History

Casting: Freeze (safe; 4% risk of failure)
Confirm with . or Enter, or press ? or * to list all spells.
Aiming: Freeze (safe; 4% risk of failure)
Press: ? - help, Shift-Dir - straight line, f/p - giant cockroach
Aim: a giant cockroach (almost dead)
You freeze the giant cockroach.
You kill the giant cockroach!
The goblin hits you with a +0 dagger of venom.
You are poisoned.
Casting: Freeze (safe; 4% risk of failure)
Confirm with . or Enter, or press ? or * to list all spells.
Aiming: Freeze (safe; 4% risk of failure)
Press: ? - help, Shift-Dir - straight line, f - goblin
Aim: a goblin, wielding a +0 dagger of venom You freeze the goblin.
The goblin is moderately wounded.
You feel sick. The goblin hits you but does no damage.
Unknown command.
Casting: Freeze (safe; 4% risk of failure)
Confirm with . or Enter, or press ? or * to list all spells.
You don't have enough magic to cast this spell.
Unknown command.
Unknown command.
You closely miss the goblin.
The goblin is moderately wounded.
You feel sick.
The goblin hits you with a +0 dagger of venom.
You are lethally poisoned!
You closely miss the goblin.
The goblin is moderately wounded.
* * * LOW HITPOINT WARNING * * *
You feel sick.
The goblin hits you with a +0 dagger of venom.
* * * LOW HITPOINT WARNING * * *
Aiming: Spit Poison (3% risk of failure)
Press: ? - help, Shift-Dir - straight line, f/p - goblin
Aim: a goblin, wielding a +0 dagger of venom (moderately wounded, 43% to hit)
The splash of poison hits the goblin.
The goblin is poisoned.
You kill the goblin!
You die...

##### #...####
#...... #....
#######†.## #
......)@..#.#
#######...#.#
...........#
########.######
#......##
########......#
#.............#
#.######......####
##.........


There were no monsters in sight!

Vanquished Creatures
  A giant cockroach (D:1)
  A goblin (D:1)
  A kobold (D:1)
3 creatures vanquished.

Notes
Turn   | Place    | Note
-------+----------+-------------------------------------------
     0 | D:1      | rogsnak the Naga Ice Elementalist began the quest for the
                  | Orb.
     0 | D:1      | Reached XP level 1. HP: 15/15 MP: 3/3
    91 | D:1      | Succumbed to a goblin's poison

Illustrated notes

Levels and vault maps discovered:
D:1:      heliophobic_arrival_battle_scene, layout_loops_ring

Action                   || total
-------------------------++-------
Melee: Short sword       ||     4
       Unarmed           ||     1
 Cast: Freeze            ||     4
 Abil: Spit Poison       ||     1
Armor: Robe              ||     2
Dodge: Dodged            ||     3

Table legend: (Time is in decaauts)
 A = Elapsed time spent in this place.
 B = Non-inter-level travel time spent in this place.
 C = Inter-level travel time spent in this place.
 D = Time resting spent in this place.
 E = Time spent auto-exploring this place.
 F = Levels seen in this place.
 G = Mean time per level.
                   A        B        C        D        E       F      G
               +--------+--------+--------+--------+--------+-----+--------+
         Total |    121 |    121 |      0 |      0 |     70 |   1 |  121.0 |
       Dungeon |    121 |    121 |      0 |      0 |     70 |   1 |  121.0 |
               +--------+--------+--------+--------+--------+-----+--------+

Top non-repeatable levels by time:
     D:1: 121 daAuts
